 Dungeon Crawl Stone Soup version 0.19.1-1-g22dce08 (webtiles) character file.

14191 Jerry the Carver (level 11, -4/120 HPs)
             Began as a Minotaur Gladiator on Dec 28, 2016.
             Was a Priest of Dithmenos.
             Killed from afar by an ice dragon (10 damage)
             ... with a blast of cold
             ... in an ice cave.
             The game lasted 00:38:26 (10287 turns).

Jerry the Carver (Minotaur Gladiator)              Turns: 10287, Time: 00:38:29

Health: -4/120     AC: 25    Str: 20    XL:     11   Next: 85%
Magic:  16/16      EV:  2    Int:  6    God:    Dithmenos [***...]
Gold:   555        SH:  0    Dex: 13    Spells: 3 memorised, 4 levels left

rFire  . . .     SeeInvis .     s - +2 falchion (elec)
rCold  + + .     Gourm    .     (armour currently unavailable)
rNeg   + + +     Faith    .     (no shield)
rPois  +         Spirit   .     (helmet currently unavailable)
rElec  .         Reflect  .     (cloak currently unavailable)
rCorr  .         Harm     .     (gloves currently unavailable)
MR     .....     NoTele   +     (boots currently unavailable)
Stlth  +.........               (no amulet)
                                u - ring of protection from cold
                                o - ring of protection from cold

@: confused, tree-form, very slightly contaminated, wreathed by umbra
A: (retaliatory headbutt), (horns 0)
a: Shadow Step, Renounce Religion


You were in an ice cave.
You worshipped Dithmenos.
Dithmenos was most pleased with you.
You were very hungry.
You were a tree.
You visited 2 branches of the dungeon, and saw 12 of its levels.
You also visited: Ice Cave.

You collected 710 gold pieces.
You spent 155 gold pieces at shops.

Inventory:

Hand Weapons
 s - a +2 falchion of electrocution (weapon)
 x - a +2 short sword of protection
Missiles
 d - 2 throwing nets (quivered)
 n - 4 exploding tomahawks
Armour
 h - the cursed +1 robe of Awe (melded) {+Inv rPois Str-3 Int-4}
   (You found it on level 4 of the Dungeon)

   It affects your strength (-3).
   It affects your intelligence (-4).
   It protects you from poison.
   It lets you turn invisible.
   It has a curse placed upon it.
 i - a +2 cloak (melded)
 p - a +2 pair of boots (melded)
 v - a +0 hat of intelligence (melded)
 E - a cursed +0 chain mail
Jewellery
 c - an uncursed ring of magical power
 k - an uncursed amulet of guardian spirit
 o - a ring of protection from cold (left branch)
 u - a ring of protection from cold (right branch)
 H - an uncursed ring of positive energy
Wands
 e - a wand of acid (3/15)
 t - a wand of acid (14/15)
Scrolls
 g - 7 scrolls of remove curse
 q - a scroll of magic mapping
 F - a scroll of identify
 K - a scroll of enchant weapon
Potions
 b - a potion of ambrosia
 m - 2 potions of resistance
 w - a potion of lignification
 z - 4 potions of flight
 B - a potion of magic
 C - a potion of mutation
 D - a potion of beneficial mutation {unknown}
Books
 J - a book of Clouds

   Spells                             Type                      Level
   a - Mephitic Cloud                 Conjuration/Poison/Air       3
   b - Conjure Flame                  Conjuration/Fire             3
   c - Poisonous Cloud                Conjuration/Poison/Air       6
   d - Freezing Cloud                 Conjuration/Ice/Air          6
   e - Ring of Flames                 Charms/Fire                  7
Miscellaneous
 G - a phantom mirror
Comestibles
 f - 7 bread rations
 j - 11 royal jellies
 l - 4 fruits
 A - 3 meat rations


   Skills:
 - Level 2.4 Fighting
 + Level 12.7 Long Blades
 - Level 2.0 Throwing
 - Level 7.0 Armour
 + Level 11.7 Dodging
 - Level 4.2 Stealth
 + Level 9.0 Evocations


You had 4 spell levels left.
You knew the following spells:

 Your Spells              Type           Power        Failure   Level  Hunger
a - Animate Skeleton      Necr           N/A          52%         1    ##.....
b - Passwall              Tmut/Erth      #.........   77%         2    ###....
c - Regeneration          Chrm/Necr      #.........   97%         3    ####...


Dungeon Overview and Level Annotations

Branches:
Dungeon (11/15)            Temple (1/1) D:7            Lair (0/6) D:11
    Orc (0/2) D:11

Altars:
Ashenzari
Cheibriados
Dithmenos
Elyvilon
Fedhas
Gozag
Hepliaklqana
Kikubaaqudgha
Makhleb
Nemelex Xobeh
Okawaru
Qazlal
Ru
Sif Muna
Uskayaw
Vehumet
Xom
Yredelemnul
Zin

Shops:
D:4 (*   D:9 *


Innate Abilities, Weirdness & Mutations

((You reflexively headbutt those who attack you in melee.))
((You have a pair of horns on your head.))


Message History

Your +0 hat of intelligence melds into your body.
Your +2 pair of boots melds into your body.
The cursed +1 robe of Awe {+Inv rPois Str-3 Int-4} melds into your body.
You feel stupid.
Your roots penetrate the ground.
The ice dragon bites you but does no damage.
The ice dragon barely misses you.
The ice dragon tramples you but does no damage.
The ice dragon bites you but does no damage.
The ice dragon claws you but does no damage.
The ice dragon tramples you.
* * * LOW HITPOINT WARNING * * *
You are confused.
You feel invigorated.
The ice dragon bites you but does no damage.
The ice dragon claws you but does no damage.
The ice dragon tramples you but does no damage.
The ice dragon breathes frost at you. The blast of cold hits you! You resist.
You die...

###.### ##.#..#
#..##.## #...#..#
##.#...##
#..##### #...##$#
#§§##$$##
#♣##$$$$#
#DD#$$$$#
#§§§.$$$# ###
##§§..$$# ##.##
#.....$# #...#
#.....$#≈ ##.#..
##..."$#≈≈≈#..##.
#..="##≈≈≈....##
##$$"#≈≈≈≈######


You could see 2 ice dragons.

Vanquished Creatures
  Gastronok (D:8)
  An ice dragon (D:11)
  Erica (D:8)
  A wizard (D:11)
  2 hill giants
  2 ice statues (IceCv)
  Maurice (D:8)
  3 rime drakes
  A troll (D:10)
  3 polar bears (D:11)
  2 two-headed ogres (D:9)
  A hippogriff (D:8)
  A yak (D:11)
  A wyvern (D:10)
  A vampire (D:10)
  Eustachio (D:4)
  A hungry ghost (D:8)
  Menkaure (D:4)
  2 sky beasts
  An eye of draining (D:10)
  An orc warrior (D:8)
  A black bear (D:8)
  16 ice beasts
  2 phantoms (D:5)
  2 wolves (D:11)
  3 centaurs
  3 ogres
  A crocodile (D:10)
  2 big kobolds
  2 bullfrogs
  A scorpion (D:5)
  6 killer bees (D:8)
  7 wights
  A howler monkey (D:9)
  4 crimson imps
  2 bullfrog zombies
  A bullfrog skeleton (D:11)
  6 hounds
  8 jellies
  9 orc wizards
  5 orc priests
  3 centaur skeletons
  3 iguanas
  Ijyb (D:3)
  Natasha (thrice) (D:2)
  6 worker ants
  Terence (D:3)
  A killer bee zombie (D:9)
  2 hound skeletons
  Robin (D:2)
  3 gnolls (D:4)
  10 adders
  A shadow imp (D:8)
  7 oozes
  An adder zombie (D:8)
  An adder skeleton (D:8)
  3 dart slugs (D:1)
  2 leopard geckos
  27 orcs
  7 giant cockroaches
  13 goblins
  6 hobgoblins
  15 jackals
  5 quokkas
  4 ball pythons
  5 bats (D:1)
  A frilled lizard (D:1)
  24 kobolds
  A leopard gecko skeleton (D:6)
  3 rats
271 creatures vanquished.

Notes
Turn   | Place    | Note
-------+----------+-------------------------------------------
     0 | D:1      | Jerry the Minotaur Gladiator began the quest for the Orb.
     0 | D:1      | Reached XP level 1. HP: 18/18 MP: 0/0
   231 | D:1      | Reached skill level 1 in Armour
   235 | D:1      | Reached XP level 2. HP: 22/25 MP: 1/1
   266 | D:1      | Reached skill level 4 in Long Blades
   365 | D:1      | Reached XP level 3. HP: 25/30 MP: 2/2
   950 | D:2      | Noticed Natasha
   955 | D:2      | Killed Natasha
  1099 | D:2      | Reached XP level 4. HP: 33/37 MP: 3/3
  1102 | D:2      | Found a basalt altar of Yredelemnul.
  1254 | D:2      | Noticed Natasha
  1265 | D:2      | Killed Natasha
  1265 | D:2      | Reached skill level 5 in Long Blades
  1557 | D:2      | Noticed Natasha
  1572 | D:2      | Killed Natasha
  1689 | D:2      | Noticed Robin
  1693 | D:2      | Reached XP level 5. HP: 35/42 MP: 4/4
  1697 | D:2      | Killed Robin
  1987 | D:3      | Noticed Terence
  1992 | D:3      | Killed Terence
  2258 | D:3      | Noticed Ijyb
  2267 | D:3      | Killed Ijyb
  2272 | D:3      | Reached skill level 5 in Dodging
  2694 | D:4      | Reached XP level 6. HP: 48/50 MP: 5/5
  2697 | D:4      | Reached skill level 6 in Long Blades
  2905 | D:4      | Reached XP level 7. HP: 54/56 MP: 6/6
  2908 | D:4      | Found Ducaryilai's Weapon Emporium.
  2958 | D:4      | Reached skill level 5 in Armour
  3131 | D:4      | Found Xaderchu's Assorted Antiques.
  3134 | D:4      | Bought a scroll labeled POIL BEIDOAM for 31 gold pieces
  3134 | D:4      | Bought a scroll labeled XYAMIU PISCHYA for 31 gold pieces
  3134 | D:4      | Bought a scroll labeled XYAMIU PISCHYA for 31 gold pieces
  3134 | D:4      | Bought a scroll labeled HIFROT HEDEU for 31 gold pieces
  3134 | D:4      | Bought a scroll labeled VEUT SYBRA for 31 gold pieces
  3295 | D:4      | Noticed Menkaure
  3305 | D:4      | Killed Menkaure
  3372 | D:4      | Got a heavily jewelled robe
  3383 | D:4      | Identified the cursed +1 robe of Awe {+Inv rPois Str-3 Int-4} (You found it on level 4 of the Dungeon)
  3400 | D:4      | Noticed a hand axe
  3401 | D:4      | Noticed a dagger
  3402 | D:4      | Found a hide-covered altar of Uskayaw.
  3418 | D:4      | Noticed Eustachio
  3442 | D:4      | Killed Eustachio
  3442 | D:4      | Reached skill level 1 in Evocations
  3548 | D:4      | Reached skill level 7 in Long Blades
  3572 | D:5      | Entered Level 5 of the Dungeon
  3581 | D:5      | Reached XP level 8. HP: 51/62 MP: 8/8
  4181 | D:5      | Found a sparkling altar of Nemelex Xobeh.
  4181 | D:5      | Found an opulent altar of Gozag.
  4184 | D:5      | You fall through a shaft!
  4184 | D:6      | Found a glowing silver altar of Zin.
  4184 | D:6      | Noticed an angel
  4214 | D:6      | Learned a level 1 spell: Animate Skeleton
  4440 | D:5      | Learned a level 2 spell: Passwall
  4444 | D:5      | Learned a level 3 spell: Regeneration
  4735 | D:6      | Found a sparkling altar of Nemelex Xobeh.
  4962 | D:6      | Reached skill level 8 in Long Blades
  5087 | D:7      | Found a white marble altar of Elyvilon.
  5092 | D:7      | Found a burning altar of Makhleb.
  5174 | D:7      | Found an ancient bone altar of Kikubaaqudgha.
  5204 | D:7      | Found a staircase to the Ecumenical Temple.
  5214 | Temple   | Entered the Ecumenical Temple
  5239 | Temple   | Became a worshipper of Dithmenos the Shadowed
  5842 | D:8      | Reached XP level 9. HP: 68/68 MP: 11/11
  5920 | D:8      | Noticed Gastronok
  5941 | D:8      | Killed Gastronok
  5941 | D:8      | Reached skill level 10 in Long Blades
  6041 | D:8      | Reached XP level 10. HP: 39/74 MP: 13/13
  6243 | D:8      | Noticed Maurice
  6255 | D:8      | Killed Maurice
  6255 | D:8      | Reached skill level 1 in Stealth
  6456 | D:8      | Reached * piety under Dithmenos
  6654 | D:8      | Noticed Erica
  6667 | D:8      | Killed Erica
  7328 | D:9      | Found Apsifuim's General Store.
  7346 | D:9      | Reached skill level 10 in Dodging
  7545 | D:9      | Reached skill level 11 in Long Blades
  7570 | D:9      | Reached ** piety under Dithmenos
  7759 | D:9      | Found a shimmering altar of Xom.
  7792 | D:9      | Found a sacrificial altar of Ru.
  7827 | D:10     | Entered Level 10 of the Dungeon
  7860 | D:10     | Noticed a hill giant
  7876 | D:10     | Killed a hill giant
  7876 | D:10     | Reached XP level 11. HP: 50/80 MP: 15/15
  9209 | D:11     | Noticed a hill giant
  9212 | D:11     | Noticed a wizard
  9220 | D:11     | Killed a hill giant
  9231 | D:11     | Killed a wizard
  9291 | D:11     | Found a frozen archway.
  9300 | D:11     | Reached *** piety under Dithmenos
  9314 | D:11     | Noticed an ice dragon
  9321 | D:11     | Reached skill level 12 in Long Blades
  9342 | D:11     | Killed an ice dragon
  9492 | IceCv    | Entered an ice cave
 10252 | IceCv    | Noticed an ice dragon
 10259 | IceCv    | Noticed an ice dragon
 10286 | IceCv    | HP: 3/120 [ice dragon (6)]
 10287 | IceCv    | Killed from afar by an ice dragon

Skill      XL: |  1  2  3  4  5  6  7  8  9 10 11 |
---------------+----------------------------------+-----
Armour         | 1 2 3 4 6 7 |  7.0
Long Blades    | 4 5 6 7 8 10 11 12 | 12.7
Dodging        | 4 5 6 7 9 10 11 | 11.7
Evocations     | 2 4 6 7 9 |  9.0
Stealth        | 4 |  4.2
Fighting       | |  2.4
Throwing       | |  2.0

Action                   |  1- 3 |  4- 6 |  7- 9 | 10-12 || total
-------------------------+-------+-------+-------+-------++-------
Melee: Long sword        |    53 |    50 |       |       ||   103
       Headbutt          |    10 |    27 |    42 |   117 ||   196
       Falchion          |       |    69 |   198 |   470 ||   737
Throw: Throwing net      |       |       |     1 |     2 ||     3
 Abil: Evoke Invisibilit |       |       |     1 |    13 ||    14
  Use: Scroll            |       |       |    20 |     4 ||    24
       Potion            |       |       |     1 |     2 ||     3
 Stab: Sleeping          |       |       |     1 |    10 ||    11
       Invisible         |       |       |     1 |    26 ||    27
       Distracted        |       |       |     1 |       ||     1
  Eat: Chunk             |     1 |     6 |     7 |    15 ||    29
       Beef jerky        |       |       |     1 |     2 ||     3
       Meat ration       |       |       |     1 |       ||     1
       Fruit             |       |       |       |     1 ||     1
Armor: Leather armour    |    11 |    37 |     3 |       ||    51
       Robe              |       |       |    46 |    77 ||   123
       Scale mail        |       |       |     2 |       ||     2
       Skin              |       |       |       |     7 ||     7
Dodge: Dodged            |    35 |    98 |   124 |   332 ||   589
       Rpst.: Long sword |     7 |    10 |       |       ||    17
       Falchion          |       |    14 |    51 |    84 ||   149
